 Dungeon Crawl Stone Soup version 0.31-a0-459-gc8a9bf3d51 (webtiles) character file.

Game seed: 12168676500325248339

7 Ethylacetat the Insei (level 2, 0/16 HPs)
             Began as a Vine Stalker Monk on Aug 3, 2023.
             Engulfed by a cloud of flame (16 damage)
             ... on level 1 of the Dungeon.
             The game lasted 00:00:34 (437 turns).

Ethylacetat the Insei (Vine Stalker Monk)            Turns: 437, Time: 00:00:34

Health: 0/16       AC:  3    Str: 13    XL:     2   Next: 4%
Magic:  0/3        EV: 13    Int: 10    God:
Gold:   50         SH:  0    Dex: 16    Spells: 1/1 levels left

rFire   . .          .
                       - Unarmed
rCold   . . .        c - orb {light}
rNeg    . . .        a - +0 robe
rPois   .            (no helmet)
rElec   .            (no cloak)
rCorr   .            (no gloves)
SInv    .            d - +0 pair of boots
Will    .....        (no amulet)
Stlth   +            (no ring)
HPRegen 0.22/turn    (no ring)
MPRegen 0.08/turn

%: guardian spirit
@: glowing
A: fangs 2, magic shield, antimagic bite, no potion heal 2
a: no special abilities


You were on level 1 of the Dungeon.
You visited 1 branch of the dungeon, and saw 1 of its levels.

You collected 50 gold pieces.

Inventory:

Armour
 a - a +0 robe (worn)
 c - an orb of light (worn)
 d - a +0 pair of boots (worn)
Scrolls
 g - a scroll of summoning {unknown}
 i - a scroll of identify {unknown}
Potions
 b - a potion of ambrosia
 e - a potion of enlightenment {unknown}
 f - a potion of might {unknown}
 h - a potion of curing {unknown}


   Skills:
 + Level 2.8 Fighting
 + Level 2.6 Dodging
 + Level 3.1 Unarmed Combat


You had one spell level left.
You didn't know any spells.
Your spell library was empty.

Dungeon Overview and Level Annotations

Branches:
Dungeon (1/15)

Altars:


Innate Abilities, Weirdness & Mutations

You have extremely sharp teeth.
When hurt, damage is shared between your health and your magic reserves.
Your bite disrupts and absorbs the magic of your enemies.
Potions cannot restore your health.


Message History

The hobgoblin closely misses you.
You completely miss the hobgoblin. The hobgoblin closely misses you.
You hit the hobgoblin.
The hobgoblin is heavily wounded.
The hobgoblin hits you but does no damage.
You hit the hobgoblin. Your bite misses the hobgoblin.
The hobgoblin is severely wounded.
The hobgoblin closely misses you.
A hobgoblin is nearby!
You hit the hobgoblin.
You kill the hobgoblin!
You have reached level 2!
You now have 16 gold pieces (gained 6).
Found an escape hatch in the floor.
No target in view!
h - an amethyst potion No target in view!
You now have 23 gold pieces (gained 7).
You now have 33 gold pieces (gained 10).
Key pressed, stopping explore.
No target in view!
You now have 39 gold pieces (gained 6).
Found a stone staircase leading down.
No target in view!
No target in view!
You now have 50 gold pieces (gained 11).
Found 3 poisoned darts.
No target in view!
i - a scroll labelled BISSUY UDUFRAZ No target in view!
You see here 3 poisoned darts.
Found a lajatang and 4 stones.
No target in view!
A bat comes into view.
Found a beast talisman and a scroll labelled BISSUY UDUFRAZ.
Really stalk into a travel-excluded area?
Really stalk into that cloud of flame?
You are engulfed in blazing flames.
Ouch! That really hurt!
You die...

..# .§# #.# .☼§#
#.# §§§# # #.#
######...### .
..###.○☼§.."?.§.
#
#.##..§☼§.(.◎..☼
###
#.##..§.@b)$...§
##.##
#.##.#####...###
#.#.#####.##.#
#..§#
.###.........#
#☼§§#
#.#.#####....#
#☼°○# ##.##
###### ##...##
#.# ##...#.##
#.# #.......##
##.#
#####........##


You could see a bat.

Vanquished Creatures
  2 giant cockroaches (D:1)
  A goblin (D:1)
  A hobgoblin (D:1)
  A kobold (D:1)
  A rat (D:1)
6 creatures vanquished.

Notes
Turn   | Place    | Note
-------+----------+-------------------------------------------
     0 | D:1      | Ethylacetat the Vine Stalker Monk began the quest for the
                  | Orb.
     0 | D:1      | Reached XP level 1. HP: 11/11 MP: 2/2
   302 | D:1      | Reached XP level 2. HP: 16/16 MP: 3/3
   437 | D:1      | Engulfed by a cloud of flame

Illustrated notes

Levels and vault maps discovered:
D:1:      minmay_arrival_glassed_features, layout_loops_ring,
          lemuel_flame_loot_1

Action                     || total
---------------------------++-------
  Melee: Unarmed           ||    14
         Bite              ||     3
 Armour: Robe              ||     3
  Dodge: Dodged            ||     7

Table legend: (Time is in decaauts)
 A = Elapsed time spent in this place.
 B = Non-inter-level travel time spent in this place.
 C = Inter-level travel time spent in this place.
 D = Time resting spent in this place.
 E = Time spent auto-exploring this place.
 F = Levels seen in this place.
 G = Mean time per level.
                   A        B        C        D        E       F      G
               +--------+--------+--------+--------+--------+-----+--------+
         Total |    436 |    436 |      0 |      0 |    380 |   1 |  436.0 |
       Dungeon |    436 |    436 |      0 |      0 |    380 |   1 |  436.0 |
               +--------+--------+--------+--------+--------+-----+--------+

Top non-repeatable levels by time:
     D:1: 436 daAuts
